Map: Orbital Shipyard

Players

Fullmetal - Winner!

  • Race: Terran Terran
  • League: Grandmaster

Cabracan

  • Race: Terran Terran
  • League: Master

VOD

Have the link to the VOD?

Description

Time

  • Played on: Nov. 18, 2015, 3:34 a.m.
  • Length: 9:49
Show
View Real Time Build Order
Export as new Build Order

Fullmetal Terran - Winner!

Build Orders: MMM Bio 

Get SALT Encoding   

  12  0:01  SCV  
  13  0:13  SCV  
  14  0:18  Supply Depot  
  14  0:26  Refinery  
  14  0:28  SCV  
  15  0:41  Barracks  
  15  0:46  SCV  
  16  0:58  SCV  
  16  1:03  Supply Depot  
  17  1:17  Barracks  
  17  1:23  SCV  
  18  1:28  Reaper  
  19  1:40  Orbital Command  
  19  1:56  Barracks  
  19  2:00  Reaper  
  20  2:05  SCV  
  20  2:06  Reaper  
  22  2:21  SCV  
  23  2:33  Reaper  
  23  2:35  Command Center  
  23  2:36  SCV  
  25  2:38  Reaper  
  26  2:48  SCV  
  27  3:00  SCV  
  27  3:05  Reaper  
  29  3:13  SCV  
  29  3:15  Supply Depot  
  29  3:19  Reaper  
  31  3:24  Refinery, Barracks  
  31  3:25  Barracks  
  31  3:33  SCV  
  30  3:45  SCV, Barracks Reactor  
  31  3:49  Orbital Command  
  31  3:58  SCV  
  32  4:05  Engineering Bay  
  31  4:11  SCV  
  31  4:14  Barracks Tech Lab  
  31  4:15  SCV, Barracks Tech Lab  
  33  4:23  SCV, Marine x2  
  36  4:26  Supply Depot  
  36  4:27  SCV  
  35  4:39  Combat Shields, Stimpack  
  35  4:40  Marauder  
  35  4:41  Marauder  
  35  4:42  SCV  
  35  4:45  Marine x2  
  41  4:47  SCV, Refinery  
  43  4:55  SCV  
  43  4:59  Factory  
  44  5:01  Barracks  
  44  5:02  SCV  
  44  5:05  Marauder  
  44  5:06  Marine x2  
  49  5:10  SCV  
  49  5:12  Marauder  
  52  5:14  SCV  
  52  5:20  Missile Turret  
  53  5:22  Barracks Reactor  
  53  5:24  SCV  
  53  5:29  Supply Depot  
  53  5:32  SCV  
  53  5:33  Marine  
  53  5:34  Marine x3  
  58  5:41  SCV  
  59  5:43  Supply Depot  
  59  5:44  SCV  
  59  5:45  Starport, Factory Reactor  
  59  5:47  Supply Depot  
  60  5:52  Terran Infantry Weapons Level 1  
  60  5:53  SCV  
  59  5:59  Marine x3  
  59  6:03  Marine  
  60  6:11  Missile Turret  
  60  6:13  Marine  
  60  6:19  Marine  
  61  6:28  Marine x2  
  63  6:33  Concussive Shells  
  63  6:37  Missile Turret  
  63  6:42  Medivac  
  63  6:43  Factory Tech Lab  
  63  6:46  Marine x2  
  67  6:48  SCV  
  67  6:50  Marine  
  69  6:55  Medivac  
  71  7:03  Supply Depot, Marine  
  71  7:06  Barracks Reactor  
  69  7:12  Marine  
  69  7:14  Medivac  
  69  7:15  SCV  
  69  7:19  SCV  
  70  7:24  Marauder  
  70  7:28  SCV, Medivac  
  75  7:32  SCV  
  76  7:40  SCV  
  76  7:44  Marine x5  
  77  7:46  Medivac  
  77  7:48  Marine  
  77  7:49  Marine  
  85  7:56  Marine  
  86  8:01  Supply Depot  
  85  8:16  Command Center  
  85  8:20  Marine x2  
  85  8:24  Marine x2  
  85  8:25  Siege Tank  
  85  8:31  Marine x2  
  72  8:35  Marine x2  
  72  8:37  Medivac x2  
  76  8:43  Marine x4  
  76  8:47  Refinery  
  78  8:49  Marine x2  
  78  8:52  SCV x2  
  78  8:55  Supply Depot, Marine  
  82  8:59  Supply Depot  
  82  9:01  Siege Tank  
  86  9:06  Marine x2  
  86  9:09  Marine  
  88  9:10  Marine x2  
  91  9:18  Armory  
  91  9:19  Marine  
  91  9:21  Marine x2  
Show
View Real Time Build Order
Export as new Build Order

Cabracan Terran 

Build Orders: Reaper Expand, MMM Bio 

Get SALT Encoding   

  12  0:01  SCV  
  13  0:14  SCV  
  14  0:19  Supply Depot  
  14  0:26  SCV  
  15  0:41  SCV  
  15  0:42  Barracks  
  16  0:47  Refinery  
  16  0:53  SCV  
  17  1:05  SCV  
  18  1:21  SCV  
  19  1:30  Reaper  
  20  1:36  Orbital Command  
  20  1:45  Command Center  
  20  2:02  Marine  
  20  2:06  Supply Depot  
  21  2:10  Factory  
  21  2:14  SCV  
  22  2:24  Barracks Reactor  
  22  2:26  SCV  
  23  2:38  SCV  
  24  2:45  Refinery  
  24  2:50  SCV  
  25  2:54  Hellion  
  27  3:02  Marine x2  
  29  3:08  SCV  
  30  3:17  Hellion  
  30  3:19  Orbital Command  
  32  3:20  SCV, Marine x2  
  32  3:23  Starport  
  32  3:35  SCV  
  32  3:37  Marine x2  
  32  3:39  Hellion  
  37  3:55  Marine x2  
  37  3:58  SCV  
  37  3:59  SCV  
  37  4:00  Hellion  
  37  4:01  Starport Tech Lab  
  43  4:06  Supply Depot  
  43  4:17  Marine x2  
  45  4:24  Cloaking Field  
  45  4:27  Banshee  
  45  4:28  Hellion, Engineering Bay  
  45  4:29  Supply Depot  
  50  4:37  SCV  
  51  4:45  SCV  
  52  4:49  SCV, Factory Reactor  
  52  4:50  Barracks  
  52  4:51  Barracks  
  53  4:54  Missile Turret  
  53  4:57  SCV  
  54  5:01  SCV  
  54  5:06  Missile Turret  
  55  5:09  SCV  
  55  5:12  Viking  
  55  5:13  SCV  
  59  5:21  SCV  
  60  5:31  SCV  
  60  5:35  Terran Infantry Weapons Level 1  
  60  5:37  Command Center, Engineering Bay  
  60  5:39  Barracks Tech Lab x2  
  60  5:48  SCV, Barracks  
  61  5:50  Barracks  
  61  6:03  SCV  
  62  6:08  SCV, Marine x2  
  62  6:09  Siege Tank, Medivac  
  70  6:17  Combat Shields, Stimpack  
  70  6:34  Terran Infantry Armor Level 1  
  70  6:36  Supply Depot  
  70  6:37  SCV x2  
  72  6:41  Supply Depot  
  66  6:49  SCV  
  66  6:50  Siege Tank  
  66  6:54  SCV  
  71  7:01  SCV  
  71  7:05  Marine x4  
  71  7:06  Marine  
  77  7:16  SCV x2, Orbital Command  
  77  7:18  Medivac  
  81  7:29  Marine x2  
  82  7:30  Marine x2  
  82  7:34  SCV, Refinery  
  82  7:35  Supply Depot x2, Refinery  
  86  7:44  SCV  
  86  7:46  Missile Turret  
  86  7:49  Missile Turret, Medivac  
  86  7:50  Supply Depot  
  89  7:53  Marine  
  90  8:00  Marine x4  
  86  8:25  SCV  
  86  8:26  SCV  
  70  8:28  Orbital Command  
  70  8:29  Marine x2  
  70  8:30  Marine x2  
  61  8:35  Marine x2  
  61  8:37  SCV  
  61  8:38  SCV  
  65  8:41  Refinery  
  65  8:47  Marine  
  66  8:49  SCV  
  66  8:52  Supply Depot  
  66  8:53  Marine x4  
  66  8:54  Armory  
  66  8:55  SCV x2  
  72  8:58  Marine  
  74  9:05  Marine  
  74  9:07  Siege Tank, Medivac  
  80  9:11  Marine x2  
  80  9:13  SCV  
  80  9:16  Marine x2  
  85  9:19  SCV x2, Missile Turret x2  
  87  9:25  SCV  
  87  9:31  SCV  
Tags
 
Add a new tag
Caveats
  • Supply blocks, unpowered buildings, or Contaminate may cause inaccurate times.
  • Supply counts are checked every 10 seconds.